 Dungeon Crawl Stone Soup version 0.19.4-12-gccf7e64 (webtiles) character file.

73 muscothym the Shield-Bearer (level 4, -1/37 HPs)
             Began as a Formicid Fighter on Feb 26, 2017.
             Killed from afar by Felix's ghost (8 damage)
             ... with a puff of flame
             ... on level 3 of the Dungeon.
             The game lasted 00:06:15 (1052 turns).

muscothym the Shield-Bearer (Formicid Fighter)      Turns: 1052, Time: 00:06:16

Health: -1/37      AC:  7    Str: 22    XL:     4   Next: 51%
Magic:  4/4        EV:  8    Int:  7    God:
Gold:   9          SH: 10    Dex: 10    Spells: 0 memorised, 3 levels left

rFire  . . .     SeeInvis +     l - +0 halberd
rCold  . . .     Gourm    .     b - +0 scale mail
rNeg   . . .     Faith    .     c - +0 shield
rPois  .         Spirit   .     (helmet unavailable)
rElec  .         Reflect  .     (no cloak)
rCorr  .         Harm     .     (no gloves)
MR     .....                    (no boots)
Stlth  ..........               h - amulet of magic regeneration
                                (no ring)
                                (no ring)

@: no status effects
A: permanent stasis, dig shafts and tunnels, four strong arms, antennae 3
a: Dig, Shaft Self


You were on level 3 of the Dungeon.
You were not hungry.

You visited 1 branch of the dungeon, and saw 3 of its levels.

You collected 9 gold pieces.

Inventory:

Hand Weapons
 a - a +0 long sword
 i - a +0 club
 j - a +0 dagger
 l - a +0 halberd (weapon)
 p - a +0 club
 q - a +2 antimagic flail
 s - a +0 hunting sling
Armour
 b - a +0 scale mail (worn)
 c - a +0 shield (worn)
 k - a +0 robe
 m - a +0 ring mail
 r - a +0 chain mail
 w - a +0 ring mail
Jewellery
 h - an amulet of magic regeneration (around neck)
Scrolls
 v - a scroll of remove curse {unknown}
Potions
 d - a potion of might
 e - a potion of berserk rage {unknown}
 o - 2 potions of brilliance {unknown}
 t - a potion of curing {unknown}
 u - a potion of haste {unknown}
Comestibles
 f - 2 bread rations
 g - 5 fruits


   Skills:
 + Level 3.9 Fighting
 + Level 2.1 Long Blades
 + Level 0.6 Polearms
 + Level 3.9 Armour
 + Level 0.1 Dodging
 + Level 4.6 Shields


You had 3 spell levels left.
You didn't know any spells.

Dungeon Overview and Level Annotations

Branches:
Dungeon (3/15)

Altars:
Yredelemnul

Annotations:
D:3 Felix's ghost, amateur OgFE


Innate Abilities, Weirdness & Mutations

You are under a permanent stasis effect.
You can dig through walls and to a lower floor.
Your four strong arms can wield two-handed weapons with a shield.
You have a pair of large antennae on your head. (SInv)


Message History

Felix's ghost is heavily damaged.
Felix's ghost hits you. Felix's ghost closely misses you.
You closely miss Felix's ghost.
Felix's ghost is heavily damaged.
Felix's ghost closely misses you.
Your shield and scale mail prevent you from hitting Felix's ghost.
Felix's ghost is heavily damaged.
Felix's ghost gestures at you while chanting.
The puff of flame misses you. Felix's ghost hits you.
You closely miss Felix's ghost.
Felix's ghost is heavily damaged.
Felix's ghost points at you and mumbles some strange words.
The flame tongue hits you!
* * * LOW HITPOINT WARNING * * *
You barely miss Felix's ghost.
Felix's ghost is heavily damaged.
Felix's ghost barely misses you.
Felix's ghost points at you and mumbles some strange words.
The puff of flame hits you!
You die...

## .# .## .. .#
###.# # ##)..#
#####.####<.###
........W@.##
.......#####
.....#. .... #.
{ ... .. .. ##
.


You could see Felix's ghost.

Vanquished Creatures
  Terence (D:2)
  An adder (D:2)
  A gnoll (D:1)
  A worm (D:2)
  A dart slug (D:1)
  2 leopard geckos
  4 bats
  3 goblins
  4 hobgoblins
  2 kobolds
  3 frilled lizards
  3 rats
26 creatures vanquished.

Notes
Turn   | Place    | Note
-------+----------+-------------------------------------------
     0 | D:1      | muscothym the Formicid Fighter began the quest for the Orb.
     0 | D:1      | Reached XP level 1. HP: 18/18 MP: 1/1
   193 | D:1      | Reached XP level 2. HP: 24/24 MP: 2/2
   237 | D:1      | Reached skill level 4 in Shields
   270 | D:1      | Reached XP level 3. HP: 30/30 MP: 3/3
   427 | D:2      | Noticed Terence
   436 | D:2      | Killed Terence
   436 | D:2      | Reached XP level 4. HP: 32/37 MP: 4/4
   746 | D:2      | Found a basalt altar of Yredelemnul.
  1036 | D:3      | Noticed Felix's ghost (amateur OgFE)
  1052 | D:3      | Killed from afar by Felix's ghost

Skill      XL: |  1  2 |
---------------+-------+-----
Shields        | 4 |  4.6
Fighting       | |  3.9
Long Blades    | |  2.1
Polearms       | |  0.6
Armour         | |  3.9
Dodging        | |  0.1

Action                   |  1- 3 |  4- 6 || total
-------------------------+-------+-------++-------
Melee: Long sword        |    28 |       ||    28
       Halberd           |    18 |    79 ||    97
  Eat: Royal jelly       |       |     1 ||     1
Armor: Scale mail        |    13 |    32 ||    45
Dodge: Dodged            |    19 |    46 ||    65
Block: Shield            |    25 |    44 ||    69
       Rpst.: Long sword |     2 |       ||     2
